 Dungeon Crawl Stone Soup version 0.28.0 (webtiles) character file.

Game seed: 13752113095263855933

25 styxcanada the Sneak (level 2, 0/14 HPs)
             Began as a Spriggan Brigand on Feb 13, 2022.
             Succumbed to an adder's poison
             ... on level 2 of the Dungeon.
             The game lasted 00:03:13 (839 turns).

styxcanada the Sneak (Spriggan Brigand)              Turns: 839, Time: 00:03:13

Health: 0/14       AC:  3    Str:  7    XL:     2   Next: 86%
Magic:  3/3        EV: 15    Int: 12    God:
Gold:   28         SH:  5    Dex: 16    Spells: 1/1 levels left

rFire   . . .      SeeInvis +   a - +2 dagger
rCold   . . .      Faith    .   o - +0 buckler
rNeg    . . .      Spirit   .   b - +0 robe
rPois   .          Reflect  .   (helmet restricted)
rElec   .          Harm     .   c - +0 cloak
rCorr   .          Rampage  .   (gloves unavailable)
Will    .....                   (boots unavailable)
Stlth   ++++......              (no amulet)
HPRegen 0.04/turn               (no ring)
MPRegen 0.08/turn               (no ring)

@: lethally poisoned (0 -> -6), very quick
A: very small, no large weapons, unfitting armour, see invisible, speed 3
a: no special abilities


You were on level 2 of the Dungeon.
You visited 1 branch of the dungeon, and saw 2 of its levels.

You collected 28 gold pieces.

Inventory:

Hand Weapons
 a - a +2 dagger (weapon)
 j - a +0 hunting sling
 m - a +1 antimagic dagger
Missiles
 d - 7 poisoned darts (quivered)
 e - 2 curare-tipped darts
 n - 10 stones
Armour
 b - a +0 robe (worn)
 c - a +0 cloak (worn)
 o - a +0 buckler (worn)
Scrolls
 f - 2 scrolls of noise {unknown}
 g - 2 scrolls of teleportation {unknown}
 i - a scroll of amnesia {unknown}
 l - a scroll of identify {unknown}
Potions
 h - a potion of heal wounds {unknown}
 k - a potion of ambrosia {unknown}
 p - a potion of degeneration {unknown}


   Skills:
 * Level 1.6 Fighting
 + Level 2.3 Short Blades
 + Level 2.0 Throwing
 * Level 2.0 Dodging
 * Level 6.9 Stealth


You had one spell level left.
You didn't know any spells.
Your spell library was empty.

Dungeon Overview and Level Annotations

Branches:
Dungeon (2/15)

Altars:


Innate Abilities, Weirdness & Mutations

You are very small and have problems with some larger weapons.
You are too small for most types of armour.
You have supernaturally acute eyesight. (SInv)
You cover ground extremely quickly. (Speed+++)


Message History

You closely miss the adder.
The adder is heavily wounded.
You feel sick. The adder closely misses you.
You closely miss the adder.
The adder is heavily wounded.
You feel sick. You block the adder's attack.
The adder bites you but does no damage.
You hit the adder.
The adder is severely wounded.
You feel sick. The adder misses you.
You barely miss the adder.
The adder is severely wounded.
You feel sick. The adder bites you but does no damage.
You hit the adder.
The adder is almost dead.
You feel sick.
You are no longer poisoned.
The adder misses you. You block the adder's attack.
You hit the adder but do no damage.
The adder is almost dead.
The adder barely misses you.
You closely miss the adder.
The adder is almost dead.
The adder bites you but does no damage.
You closely miss the adder.
The adder is almost dead.
The adder completely misses you. The adder bites you.
* * * LOW HITPOINT WARNING * * *
You hit the adder but do no damage.
The adder is almost dead.
The adder completely misses you.
You completely miss the adder.
The adder is almost dead.
The adder closely misses you. The adder bites you.
* * * LOW HITPOINT WARNING * * *
You are lethally poisoned!
The adder poisons you!
You barely miss the adder.
The adder is almost dead.
You die...

###...### # ##.......#
. ........#
.####.......########
.......[...........####
..#.........# #......#
..#.#.......# #@#.##.#
..)..>......# #S#.##.#
#.######.#### #.#..#.#
#.# #.# #.##.#.# ..#
#<# #.##.#.# #.#
###.### #......# .##
#.....# ####.### ##
#.....# #.# # #.....#
#.#


You could see an adder.

Vanquished Creatures
  A dart slug (D:1)
  3 ball pythons (D:1)
  2 endoplasms (D:1)
  4 goblins
  4 jackals (D:1)
  2 kobolds
  2 bats (D:1)
  4 rats (D:1)
22 creatures vanquished.

Notes
Turn   | Place    | Note
-------+----------+-------------------------------------------
     0 | D:1      | styxcanada the Spriggan Brigand began the quest for the
                  | Orb.
     0 | D:1      | Reached XP level 1. HP: 10/10 MP: 2/2
    33 | D:1      | Reached skill level 6 in Stealth
   215 | D:1      | Reached XP level 2. HP: 11/14 MP: 3/3
   321 | D:1      | Found a faded altar of an unknown god.
   839 | D:2      | Succumbed to an adder's poison

Illustrated notes

Levels and vault maps discovered:
D:1:      dpeg_arrival_tiny_d, layout_rooms,
          dreamdust_ecumenical_altar_hidden_monk_grotto
D:2:      layout_loops_cross

Skill      XL: |  1  2 |
---------------+-------+-----
Stealth        | 6 |  6.9
Dodging        | 2 |  2.0
Fighting       | |  1.6
Short Blades   | |  2.3
Throwing       | |  2.0

Action                   || total
-------------------------++-------
Melee: Dagger            ||    49
Throw: Dart              ||     5
 Stab: Sleeping          ||     9
Armor: Robe              ||     8
Dodge: Dodged            ||    34
Block: Buckler           ||     3
